 Seeded DCSS version 0.30.1-11-g7821555f0a (webtiles) character file.

Game seed: 5 (custom seed)

748 Kazon the Covered (level 7, -14/42 HPs)
             Began as a Gargoyle Fighter on Nov 28, 2023.
             Was an Initiate of Makhleb.
             Demolished by an ogre
             ... wielding a +0 giant spiked club
              (29 damage)
             ... on level 5 of the Dungeon.
             The game lasted 00:12:42 (3239 turns).

Kazon the Covered (Gargoyle Fighter)                Turns: 3239, Time: 00:12:42

Health: -14/42     AC: 13    Str: 19    XL:     7   Next: 77%
Magic:  17/17      EV:  6    Int:  9    God:    Makhleb [......]
Gold:   203        SH: 12    Dex: 11    Spells: 6/6 levels left

rFire   . . .        f - +0 hand axe (flame)
rCold   . . .        c - +0 tower shield
rNeg    + . .        b - +0 scale mail
rPois   ∞            i - +0 helmet
rElec   +            (no cloak)
rCorr   .            (no gloves)
SInv    .            (no boots)
Will    .....        r - amulet of regeneration
Stlth   +            q - ring of magical power
HPRegen 1.07/turn    (no ring)
MPRegen 0.15/turn

%: no passive effects
@: no status effects
A: sickness immunity, AC +4, negative energy resistance 1, electricity
resistance, torment resistance 1, petrification resistance
a: Renounce Religion


You were on level 5 of the Dungeon.
You worshipped Makhleb.
Makhleb was noncommittal.
You visited 2 branches of the dungeon, and saw 6 of its levels.

You collected 203 gold pieces.

Inventory:

Hand Weapons
 a - a +0 flail
 e - a +2 vampiric dagger
 f - a +0 hand axe of flaming (weapon)
Missiles
 k - 2 boomerangs (quivered)
 x - 2 stones
Armour
 b - a +0 scale mail (worn)
 c - a +0 tower shield (worn)
 i - a +0 helmet (worn)
Jewellery
 q - a ring of magical power (left hand)
 r - an amulet of regeneration (around neck)
 A - a +6 ring of dexterity
Wands
 y - a wand of paralysis (8)
Scrolls
 g - a scroll of fog {unknown}
 l - 2 scrolls of identify {unknown}
 m - a scroll of summoning {unknown}
 n - a scroll of teleportation
 o - a scroll of blinking {unknown}
 p - 2 scrolls of magic mapping {unknown}
 w - a scroll of amnesia {unknown}
 z - a scroll of torment {unknown}
Potions
 d - a potion of might
 h - a potion of resistance {unknown}
 j - 3 potions of curing {unknown}
 t - 3 potions of flight {unknown}
 u - a potion of berserk rage {unknown}
 v - 2 potions of invisibility {unknown}
 B - 2 potions of heal wounds {unknown}
 C - a potion of lignification {unknown}
 D - a potion of attraction {unknown}


   Skills:
 + Level 3.9 Fighting
 + Level 1.7(2.6) Axes
 + Level 3.3(3.5) Maces & Flails
 * Level 1.7 Throwing
 + Level 5.8 Armour
 + Level 1.0 Dodging
 * Level 2.9 Stealth
 + Level 4.6 Shields
 * Level 1.8 Invocations
 * Level 1.4 Evocations


You had 6 spell levels left.
You didn't know any spells.
Your spell library contained the following spells:

 Spells                   Type           Power      Damage    Failure   Level
 Frozen Ramparts          Ice            0%         1d1       100%        3
 Ice Form                 Ice/Tmut       0%         N/A       100%        4
 Summon Ice Beast         Ice/Summ       0%         N/A       100%        4


Dungeon Overview and Level Annotations

Branches:
Dungeon (5/15)             Temple (1/1) D:4

Altars:
Dithmenos
Fedhas
Gozag
Hepliaklqana
Makhleb
Okawaru
Qazlal
Ru
Wu Jian
The Shining One


Innate Abilities, Weirdness & Mutations

You are immune to sickness and miasma.
Your stone body is resilient. (AC +4)
You are immune to poison.
You resist negative energy. (rN+)
You are resistant to electric shocks. (rElec)
You are resistant to unholy torment.
You are immune to petrification.


Message History

Your Dodging skill increases to level 1!
Things that are here:
a +0 flail; a gnoll corpse An ogre comes into view.
It is wielding a +0 giant spiked club.
The ogre shouts!
A gnoll comes into view. It is wielding a +0 spear.
A gnoll comes into view. It is wielding a +0 whip.
Things that are here:
a +0 flail; a gnoll corpse Throw: 2 darts (poison)
Press: ? - help, Q - select action, (/) - cycle Shift-Dir - straight line, f - ogre
Aim: an ogre, wielding a +0 giant spiked club (72% to hit)
You throw a poisoned dart.
The poisoned dart barely misses the ogre.
Unknown command.
Throw: dart (poison)
Press: ? - help, Q - select action, (/) - cycle Shift-Dir - straight line, f/p - ogre
Aim: an ogre, wielding a +0 giant spiked club (72% to hit)
You throw a poisoned dart. The poisoned dart hits the ogre.
The ogre is poisoned.
Unknown command.
Throw: 3 boomerangs
Press: ? - help, Q - select action, (/) - cycle Shift-Dir - straight line, f/p - ogre
Aim: an ogre, wielding a +0 giant spiked club (poisoned, 72% to hit)
You throw a boomerang. The boomerang barely misses the ogre.
Unknown command.
Throw: 3 boomerangs
Press: ? - help, Q - select action, (/) - cycle Shift-Dir - straight line, f/p - ogre
Aim: an ogre, wielding a +0 giant spiked club (lightly wounded, poisoned, 72% to hit)
You throw a boomerang. The boomerang barely misses the ogre.
Unknown command.
You hit the ogre. You burn the ogre.
The ogre is moderately wounded.
The ogre hits you with a +0 giant spiked club!!
Ouch! That really hurt!
You hit the ogre. You burn the ogre.
The ogre is severely wounded.
The ogre hits you with a +0 giant spiked club!!
Ouch! That really hurt!
You die...

#.....# .. #...(.#
... #.....# ...
#....(###### .#
##+##.).)..# .#
#......# .+
#......# .#
#...O..# .#
#....@.# .#
#......# .+
#......# .#
#......# .#
#######......# .#
#............# .#
#............#
.#+###............#
..................#


You could see an ogre (poisoned).

Vanquished Creatures
  Sigmund (D:4)
  2 black bears (D:4)
  A scorpion (D:4)
  2 hounds (D:5)
  A jelly (D:5)
  3 iguanas
  2 gnolls (D:5)
  7 adders
  An ufetubus (D:4)
  3 worms
  6 orcs
  4 bats
  9 endoplasms
  A giant cockroach (D:1)
  12 goblins
  7 hobgoblins
  11 jackals
  3 kobolds
  3 quokkas (D:4)
  6 ball pythons
  3 frilled lizards
  4 rats
92 creatures vanquished.

Notes
Turn   | Place    | Note
-------+----------+-------------------------------------------
     0 | D:1      | Kazon the Gargoyle Fighter began the quest for the Orb.
     0 | D:1      | Reached XP level 1. HP: 14/14 MP: 1/1
    55 | D:1      | Identified a scroll of acquirement
    55 | D:1      | Acquired an amulet of regeneration
    72 | D:1      | Reached XP level 2. HP: 19/19 MP: 2/2
   362 | D:1      | Reached XP level 3. HP: 23/23 MP: 3/3
  1086 | D:2      | Reached skill level 4 in Armour
  1090 | D:2      | Reached XP level 4. HP: 28/28 MP: 4/4
  1221 | D:2      | Reached skill level 1 in Stealth
  1723 | D:3      | Found a blossoming altar of Fedhas.
  1749 | D:3      | Reached XP level 5. HP: 32/32 MP: 5/5
  1880 | D:3      | Found a stormy altar of Qazlal.
  1979 | D:3      | Found a faded altar of an unknown god.
  2083 | D:3      | Identified the +2 sling "Qeuhanocyt" {speed, rElec Str-3
                  | Dex+2}
  2151 | D:4      | Found a staircase to the Ecumenical Temple.
  2159 | Temple   | Entered the Ecumenical Temple
  2177 | Temple   | Became a worshipper of Makhleb the Destroyer
  2221 | D:4      | Found a hazy altar of Hepliaklqana.
  2221 | D:4      | Found a shadowy altar of Dithmenos.
  2221 | D:4      | Noticed a shadow
  2251 | D:4      | Noticed a black bear
  2258 | D:4      | Killed a black bear
  2259 | D:4      | Reached skill level 5 in Armour
  2318 | D:4      | Reached XP level 6. HP: 10/38 MP: 6/6
  2541 | D:4      | Noticed a black bear
  2551 | D:4      | Killed a black bear
  2552 | D:4      | Reached skill level 1 in Throwing
  2617 | D:4      | Noticed Sigmund
  2629 | D:4      | Killed Sigmund
  2630 | D:4      | Reached skill level 1 in Axes
  2630 | D:4      | Reached skill level 1 in Invocations
  2630 | D:4      | Reached skill level 1 in Evocations
  2630 | D:4      | Reached XP level 7. HP: 37/42 MP: 7/7
  3033 | D:5      | Entered Level 5 of the Dungeon
  3223 | D:5      | Reached skill level 1 in Dodging
  3239 | D:5      | Demolished by an ogre

Illustrated notes

Levels and vault maps discovered:
D:1:      ebering_trefoil_3fold, layout_basic, st_stairs_14, serial_bayou_ford_a
D:2:      layout_basic, hangedman_decor_growths, minmay_close_crescents
D:3:      layout_rooms, mainiacjoe_overflow_concentric_impassable,
          mainiacjoe_overflow_paths, shapermc_ecumenical_altar_acropolis,
          chequers_serial_rivers_micro_b
D:4:      layout_basic, riverfiend_overflow_shadow_ancestor,
          minmay_temple_entry_glass, uniq_sigmund
D:5:      layout_gridville
Temple:   nicolae_temple_elliptical

Skill      XL: |  1  2  3  4  5  6  7 |
---------------+----------------------+-----
Armour         | 4 5 |  5.8
Shields        | 4 |  4.6
Maces & Flails | 3 |  3.3
Stealth        | 1 2 |  2.9
Throwing       | 1 |  1.7
Axes           | 1 |  1.7
Invocations    | 1 |  1.8
Evocations     | 1 |  1.4
Dodging        | 1 |  1.0
Fighting       | |  3.9

Action                     |  1- 3 |  4- 6 |  7- 9 || total
---------------------------+-------+-------+-------++-------
  Melee: Flail             |   152 |   126 |       ||   278
         Hand axe          |       |    56 |    75 ||   131
  Throw: Stone             |       |     6 |    14 ||    20
         Dart              |       |     8 |     6 ||    14
         Boomerang         |       |       |     2 ||     2
    Use: Scroll            |     2 |     1 |       ||     3
         Potion            |     1 |       |       ||     1
 Armour: Scale mail        |    87 |    91 |    35 ||   213
  Dodge: Dodged            |    47 |    48 |    22 ||   117
  Block: Buckler           |    20 |       |       ||    20
         Tower shield      |    39 |   136 |    56 ||   231
